 Dungeon Crawl Stone Soup version 0.22.0-5-gf09313c (webtiles) character file.

267 mistymad the Insei (level 6, -2/47 HPs)
             Began as a Gnoll Transmuter on Aug 13, 2018.
             Killed from afar by an orc wizard (10 damage)
             ... with a puff of flame
             ... on level 3 of the Dungeon.
             The game lasted 00:06:36 (2870 turns).

mistymad the Insei (Gnoll Transmuter)               Turns: 2870, Time: 00:06:37

Health: -2/47      AC:  4    Str: 13    XL:     6   Next: 21%
Magic:  0/13       EV: 15    Int: 17    God:
Gold:   73         SH:  0    Dex: 15    Spells: 9/15 levels left

rFire    . . .     SeeInvis .     - Unarmed
rCold    . . .     Gourm    .   (no shield)
rNeg     . . .     Faith    .   b - +0 robe
rPois    .         Spirit   .   h - +1 hat
rElec    .         Reflect  .   (no cloak)
rCorr    .         Harm     .   (no gloves)
MR       .....                  l - +0 pair of boots
Stlth    ++........             (no amulet)
HPRegen  0.15/turn              (no ring)
MPRegen  0.13/turn              (no ring)

@: lethally poisoned (-2 -> -7), hasted, very quick
A: distributed training, fangs 1, strong nose
a: no special abilities


You were on level 3 of the Dungeon.
You were not hungry.

You visited 1 branch of the dungeon, and saw 4 of its levels.

You collected 73 gold pieces.

Inventory:

Missiles
 a - 65 arrows
 j - 79 stones (quivered)
Armour
 b - a +0 robe (worn)
 h - a +1 hat (worn)
 l - a +0 pair of boots (worn)
Wands
 m - a wand of digging (9)
Scrolls
 c - a scroll of blinking {unknown}
 f - 2 scrolls of remove curse {unknown}
 i - 3 scrolls of identify {unknown}
 k - 2 scrolls of enchant weapon {unknown}
Comestibles
 d - 2 rations
 g - 5 chunks of flesh


   Skills:
 + Level 3.1 Fighting
 + Level 1.8 Short Blades
 + Level 1.8 Long Blades
 + Level 1.8 Axes
 + Level 1.8 Maces & Flails
 + Level 1.8 Polearms
 + Level 1.8 Staves
 + Level 1.8 Slings
 + Level 1.8 Bows
 + Level 1.8 Crossbows
 + Level 1.8 Throwing
 + Level 1.8 Armour
 + Level 4.9 Dodging
 + Level 1.8 Stealth
 + Level 1.8 Shields
 + Level 6.8 Unarmed Combat
 + Level 5.3 Spellcasting
 + Level 1.4 Conjurations
 + Level 1.4 Hexes
 + Level 1.4 Charms
 + Level 1.4 Summonings
 + Level 1.4 Necromancy
 + Level 1.4 Translocations
 + Level 4.0 Transmutations
 + Level 1.4 Fire Magic
 + Level 1.4 Ice Magic
 + Level 1.4 Air Magic
 + Level 1.4 Earth Magic
 + Level 1.4 Poison Magic
 + Level 2.0 Invocations
 + Level 1.8 Evocations


You had 9 spell levels left.
You knew the following spells:

 Your Spells              Type           Power        Failure   Level  Hunger
a - Beastly Appendage     Tmut           ###...       2%          1    None
b - Sticks to Snakes      Tmut           ###.....     4%          2    #......
c - Spider Form           Tmut/Pois      ##........   13%         3    ##.....

Your spell library contained the following spells:

 Spells                   Type           Power        Failure   Level  Hunger
 Blade Hands              Tmut           ###.......   58%         5    ######.
 Ice Form                 Ice/Tmut       ##......     41%         4    ####...


Dungeon Overview and Level Annotations

Branches:
Dungeon (4/15)
 Temple: D:4-7

Altars:
Fedhas
Trog

Annotations:
D:4 Menkaure


Innate Abilities, Weirdness & Mutations

Your experience applies equally to all skills.
You have very sharp teeth.
Your uncanny sense of smell can sniff out nearby items.


Message History

You feel better. Something hits you but does no damage.
The worker ant closely misses you.
You regained 5 hp, and now have 12/47 hp.
Casting: Sticks to Snakes (safe; 4% risk of failure)
You create a snake!
You now have 66 arrows.
The worker ant barely misses you. Something hits you.
* * * LOW HITPOINT WARNING * * *
You take 2 damage, and have 10/47 hp.
You now have 2/13 mp.
You hit something but do no damage.
Casting: Sticks to Snakes (safe; 4% risk of failure)
Okay, then.
Casting: Sticks to Snakes (safe; 4% risk of failure)
You create a snake!
You now have 65 arrows.
The worker ant bites you.
* * * LOW HITPOINT WARNING * * *
You are poisoned.
The worker ant poisons you!
You hear some strange, mumbled words.
A puff of flame appears from out of thin air!
The puff of flame hits you!
You die...

# #....# ####.#...#.#
#....# #....#####.# #....#
#....# #.# #....# #....#
#.# #....# #....#####.###
#....###....#.......#
#.........).##.##.#.#
#######...........#.....#.#
................@.#..####.#
#######....###SaS.#..# #.#
#....###....#..# #.#
#....#......#### #.#
#....#.#....#######.# ###
##'###.#............# ..#
#.....###################
### #..#### #..........#
##..###########'########.#


You could see a worker ant, a friendly water moccasin and a friendly ball
python.

Vanquished Creatures
  A howler monkey (D:4)
  A hound (D:2)
  An orc priest (D:3)
  Natasha (twice) (D:3)
  A worker ant (D:3)
  4 adders
  An ooze (D:1)
  A leopard gecko (D:1)
  5 orcs
  6 bats
  5 giant cockroaches
  3 goblins
  5 hobgoblins
  7 jackals
  2 quokkas
  A ball python (D:1)
  6 frilled lizards
  3 kobolds
  5 rats
60 creatures vanquished.

Vanquished Creatures (collateral kills)
  A frilled lizard (D:4)
1 creature vanquished.

Grand Total: 61 creatures vanquished

Notes
Turn   | Place    | Note
-------+----------+-------------------------------------------
     0 | D:1      | mistymad the Gnoll Transmuter began the quest for the Orb.
     0 | D:1      | Reached XP level 1. HP: 17/17 MP: 6/6
   418 | D:1      | Reached XP level 2. HP: 22/23 MP: 7/7
   801 | D:2      | Reached skill level 5 in Spellcasting
   801 | D:2      | Reached XP level 3. HP: 19/28 MP: 7/9
   807 | D:2      | Reached skill level 1 in Short Blades
   807 | D:2      | Reached skill level 1 in Long Blades
   807 | D:2      | Reached skill level 1 in Axes
   807 | D:2      | Reached skill level 1 in Maces & Flails
   807 | D:2      | Reached skill level 1 in Polearms
   807 | D:2      | Reached skill level 1 in Staves
   807 | D:2      | Reached skill level 1 in Slings
   807 | D:2      | Reached skill level 1 in Bows
   807 | D:2      | Reached skill level 1 in Crossbows
   807 | D:2      | Reached skill level 1 in Throwing
   807 | D:2      | Reached skill level 1 in Armour
   807 | D:2      | Reached skill level 1 in Stealth
   807 | D:2      | Reached skill level 1 in Shields
   807 | D:2      | Reached skill level 1 in Invocations
   807 | D:2      | Reached skill level 1 in Evocations
   807 | D:2      | Reached XP level 4. HP: 22/34 MP: 8/11
   969 | D:2      | Learned a level 2 spell: Sticks to Snakes
   973 | D:2      | Learned a level 3 spell: Spider Form
  1006 | D:2      | Found a bloodstained altar of Trog.
  1485 | D:3      | Noticed Natasha
  1495 | D:3      | Killed Natasha
  1495 | D:3      | Reached skill level 1 in Conjurations
  1495 | D:3      | Reached skill level 1 in Hexes
  1495 | D:3      | Reached skill level 1 in Charms
  1495 | D:3      | Reached skill level 1 in Summonings
  1495 | D:3      | Reached skill level 1 in Necromancy
  1495 | D:3      | Reached skill level 1 in Translocations
  1495 | D:3      | Reached skill level 1 in Fire Magic
  1495 | D:3      | Reached skill level 1 in Ice Magic
  1495 | D:3      | Reached skill level 1 in Air Magic
  1495 | D:3      | Reached skill level 1 in Earth Magic
  1495 | D:3      | Reached skill level 1 in Poison Magic
  1757 | D:3      | Reached XP level 5. HP: 38/40 MP: 12/12
  1795 | D:3      | Found a blossoming altar of Fedhas.
  2501 | D:3      | Noticed Natasha
  2515 | D:3      | Killed Natasha
  2515 | D:3      | Reached XP level 6. HP: 30/47 MP: 9/13
  2753 | D:4      | Noticed a phantom
  2755 | D:4      | Noticed Menkaure
  2863 | D:4      | HP: 2/47 [worker ant (5)]
  2870 | D:3      | Killed from afar by an orc wizard

Skill      XL: |  1  2  3  4  5  6 |
---------------+-------------------+-----
Spellcasting   | 5 |  5.3
Short Blades   | 1 |  1.8
Long Blades    | 1 |  1.8
Axes           | 1 |  1.8
Maces & Flails | 1 |  1.8
Polearms       | 1 |  1.8
Staves         | 1 |  1.8
Slings         | 1 |  1.8
Bows           | 1 |  1.8
Crossbows      | 1 |  1.8
Throwing       | 1 |  1.8
Armour         | 1 |  1.8
Stealth        | 1 |  1.8
Shields        | 1 |  1.8
Invocations    | 1 2 |  2.0
Evocations     | 1 |  1.8
Conjurations   | 1 |  1.4
Hexes          | 1 |  1.4
Charms         | 1 |  1.4
Summonings     | 1 |  1.4
Necromancy     | 1 |  1.4
Translocations | 1 |  1.4
Fire Magic     | 1 |  1.4
Ice Magic      | 1 |  1.4
Air Magic      | 1 |  1.4
Earth Magic    | 1 |  1.4
Poison Magic   | 1 |  1.4
Fighting       | 3 |  3.1
Transmutations | 4 |  4.0
Dodging        | |  4.9
Unarmed Combat | |  6.8

Action                   |  1- 3 |  4- 6 || total
-------------------------+-------+-------++-------
Melee: Unarmed           |    52 |   156 ||   208
       Punch             |     2 |     1 ||     3
       Bite              |     3 |    12 ||    15
       Headbutt          |       |     1 ||     1
 Cast: Sticks to Snakes  |       |    10 ||    10
       Beastly Appendage |       |     1 ||     1
  Use: Potion            |       |     4 ||     4
 Stab: Sleeping          |     2 |     1 ||     3
  Eat: Chunk             |       |     6 ||     6
Armor: Robe              |     4 |    34 ||    38
Dodge: Dodged            |    32 |   148 ||   180
